 Dungeon Crawl Stone Soup version 0.29-a0-286-g41199d4a87 (webtiles) character file.

Game seed: 18107292829703537537

36061 kae the Severer (level 13, -4/118 HPs)
             Began as a Hill Orc Fighter on Mar 16, 2022.
             Was a High Priest of Qazlal.
             Slain by a 19-headed hydra (11 damage)
             ... on level 5 of the Lair of Beasts.
             The game lasted 00:10:51 (17827 turns).

kae the Severer (Hill Orc Fighter)                 Turns: 17827, Time: 00:10:51

Health: -4/118     AC: 28    Str: 24    XL:     13   Next: 87%
Magic:  31/31      EV:  6    Int:  8    God:    Qazlal [*****.]
Gold:   1044       SH: 12    Dex: 10    Spells: 12/12 levels left

rFire   . . .      SeeInvis .   a - +1 war axe (freeze)
rCold   + . .      Faith    .   c - +0 buckler
rNeg    . . .      Spirit   .   l - +4 crystal plate armour
rPois   .          Reflect  .   (no helmet)
rElec   .          Harm     .   v - scarf {+Inv}
rCorr   .          Rampage  .   (no gloves)
Will    .....                   (no boots)
Stlth   ..........              B - amulet of regeneration
HPRegen 1.09/turn               g - ring of magical power
MPRegen 0.22/turn               q - ring of protection from cold

@: protected from physical damage, repel missiles
A: no striking features
a: Renounce Religion, Evoke Invisibility, Upheaval, Elemental Force, Disaster
Area


You were on level 5 of the Lair of Beasts.
You worshipped Qazlal.
Qazlal was extremely pleased with you.
You visited 3 branches of the dungeon, and saw 17 of its levels.

You collected 1044 gold pieces.

Inventory:

Hand Weapons
 a - a +1 war axe of freezing (weapon)
Missiles
 k - 2 throwing nets (quivered)
Armour
 b - a +0 scale mail
 c - a +0 buckler (worn)
 l - a +4 crystal plate armour (worn)
 v - a scarf of invisibility (worn)
Jewellery
 g - a ring of magical power (left hand)
 p - a ring of flight
 q - a ring of protection from cold (right hand)
 s - an amulet of faith
 u - a ring of ice
 w - a ring of positive energy
 B - an amulet of regeneration (around neck)
 C - a ring of protection from fire
 G - a ring of resist corrosion
Wands
 j - a wand of acid (5)
 t - a wand of charming (23)
 y - a wand of digging (3)
 A - a wand of flame (48)
 D - a wand of iceblast (9)
Scrolls
 e - 2 scrolls of teleportation
 h - 8 scrolls of identify
 F - 2 scrolls of magic mapping
 J - a scroll of fear
 K - a scroll of fog
Potions
 d - 4 potions of might
 f - 13 potions of curing
 i - 2 potions of attraction
 m - 2 potions of magic
 n - 3 potions of brilliance
 o - 3 potions of mutation
 r - 4 potions of heal wounds
 x - 3 potions of resistance
 z - a potion of degeneration
 E - a potion of haste
 H - a potion of invisibility
 I - a potion of lignification


   Skills:
 + Level 12.1 Fighting
 * Level 17.7 Axes
 + Level 11.1 Armour
 + Level 8.2 Dodging
 - Level 3.2 Shields
 + Level 12.2 Invocations


You had 12 spell levels left.
You didn't know any spells.
Your spell library contained the following spells:

 Spells                   Type           Power      Damage    Failure   Level
 Freeze                   Ice            0%         1d3       100%        1
 Sting                    Tmut/Pois      0%         1d3       100%        1
 Summon Small Mammal      Summ           0%         N/A       100%        1
 Ensorcelled Hibernation  Hex/Ice        0%         N/A       100%        2
 Poisonous Vapours        Pois/Air       0%         N/A       100%        2
 Call Canine Familiar     Summ           0%         N/A       100%        3
 Frozen Ramparts          Ice            0%         1d2       100%        3
 Ozocubu's Armour         Ice            0%         N/A       100%        3
 Spider Form              Tmut/Pois      0%         N/A       100%        3
 Summon Guardian Golem    Hex/Summ       0%         N/A       100%        3
 Anguish                  Hex/Necr       0%         N/A       100%        4
 Hailstorm                Conj/Ice       0%         3d3       100%        4
 Olgreb's Toxic Radiance  Pois           0%         N/A       100%        4
 Summon Ice Beast         Ice/Summ       0%         N/A       100%        4
 Summon Mana Viper        Hex/Summ       0%         N/A       100%        5
 Monstrous Menagerie      Summ           0%         N/A       100%        7
 Polar Vortex             Ice            0%         N/A       100%        9


Dungeon Overview and Level Annotations

Branches:
Dungeon (11/15)            Temple (1/1) D:4            Lair (5/6) D:11
 Shoals (0/4) Lair:2        Snake (0/4) Lair:3          Orc (0/2) D:10
  Slime: Lair:5-6

Altars:
Ashenzari
Cheibriados
Dithmenos
Elyvilon
Fedhas
Gozag
Hepliaklqana
Kikubaaqudgha
Makhleb
Nemelex Xobeh
Okawaru
Qazlal
Ru
Sif Muna
Trog
Uskayaw
Vehumet
Wu Jian
Xom
Yredelemnul
Zin
The Shining One

Shops:
D:8 [


Message History

The 18-headed hydra bites you! You block the 18-headed hydra's attack.
The 18-headed hydra bites you but does no damage. x2
The 18-headed hydra bites you.
The 18-headed hydra bites you but does no damage.
The 18-headed hydra bites you.
* * * LOW HITPOINT WARNING * * *
The 18-headed hydra bites you!
* * * LOW HITPOINT WARNING * * *
The 18-headed hydra bites you but does no damage. x3
You slice one of the 18-headed hydra's heads off!
The 17-headed hydra grows two more!
You hit the 19-headed hydra. You freeze the 19-headed hydra.
The 19-headed hydra is almost dead.
You hit the elephant. You freeze the elephant. You slash the elephant!
You freeze the elephant. You block the elephant's attack. x2
The elephant is engulfed in blazing flames.
The elephant barely misses you. x2
You barely miss the 19-headed hydra.
The 19-headed hydra is almost dead.
You hit the elephant. You freeze the elephant. You slash the elephant!
You freeze the elephant.
The elephant tramples you but does no damage.
You block the elephant's attack.
The elephant is engulfed in blazing flames.
The elephant tramples you!
* * * LOW HITPOINT WARNING * * *
You feel more protected from physical attacks.
You stumble backwards!
Found 23 gold pieces.
The 19-headed hydra is engulfed in freezing vapours.
The 19-headed hydra seems to slow down.
The 19-headed hydra bites you.
* * * LOW HITPOINT WARNING * * *
You feel more protected from physical attacks.
The 19-headed hydra bites you but does no damage. x2
The 19-headed hydra bites you.
* * * LOW HITPOINT WARNING * * *
You block the 19-headed hydra's attack. The 19-headed hydra closely misses you.
You block the 19-headed hydra's attack.
The 19-headed hydra bites you but does no damage.
The 19-headed hydra bites you!
You die...

## ### . #.####.###
###
..##...#..#.##..##
$...........!.....
........○○........
......○@..○.......
......°DYY........
.........☼........
.......☼..........
..................
....................
..#...P........#.#.#
.###.#.........##.#
#.#.........#.#


You could see a 19-headed hydra (slow) and 2 elephants.

Vanquished Creatures
  3 hydras
  2 two-headed ogres (D:11)
  6 death yaks (Lair:3)
  9 elephants
  3 black mambas
  10 cane toads
  A rime drake (Lair:4)
  6 komodo dragons
  A meliai (D:10)
  2 trolls
  3 burning bushes (Lair:3)
  4 merfolk (Lair:2)
  16 blink frogs
  A centaur simulacrum (D:10)
  2 wraiths (D:11)
  3 shadows
  A vampire (D:10)
  2 basilisks
  A wyvern (Lair:3)
  35 yaks
  A steam dragon (D:7)
  2 wargs (D:11)
  2 acid dragons
  2 nagas (Lair:3)
  13 water moccasins
  5 orc warriors
  3 ice beasts
  3 black bears
  11 wolves
  4 centaurs
  3 phantoms
  7 kobold brigands
  10 bullfrogs
  A gnoll sergeant (D:5)
  2 scorpions
  A necrophage (D:5)
  19 wights
  25 killer bees
  An electric eel (Lair:2)
  A howler monkey (D:11)
  2 hounds (D:5)
  3 jellies
  2 gnoll shamans
  10 orc priests
  3 iguanas (D:6)
  Ijyb (D:4)
  9 orc wizards
  Robin (D:4)
  14 gnolls
  15 adders
  A white imp (D:8)
  An ufetubus (D:7)
  A worm (D:4)
  4 dart slugs
  41 orcs
  7 ball pythons
  8 bats
  3 endoplasms
  4 giant cockroaches
  20 goblins
  20 hobgoblins
  4 jackals (D:5)
  9 quokkas
  5 frilled lizards
  37 kobolds
  5 rats
  3 butterflies (Lair:4)
460 creatures vanquished.

Vanquished Creatures (others)
  A goblin (D:4)
  19 fungi
  23 plants
43 creatures vanquished.

Grand Total: 503 creatures vanquished

Notes
Turn   | Place    | Note
-------+----------+-------------------------------------------
     0 | D:1      | kae the Hill Orc Fighter began the quest for the Orb.
     0 | D:1      | Reached XP level 1. HP: 19/19 MP: 1/1
   281 | D:1      | Reached skill level 3 in Axes
   356 | D:1      | Reached XP level 2. HP: 27/27 MP: 2/2
   786 | D:1      | Reached XP level 3. HP: 25/33 MP: 3/3
  1309 | D:2      | Reached skill level 1 in Dodging
  1470 | D:2      | Reached skill level 4 in Axes
  1497 | D:2      | Reached XP level 4. HP: 33/40 MP: 4/4
  1794 | D:2      | Found a hazy altar of Hepliaklqana.
  2513 | D:3      | Reached XP level 5. HP: 44/47 MP: 5/5
  2636 | D:3      | Noticed a phantom
  2651 | D:3      | Killed a phantom
  2652 | D:3      | Reached skill level 5 in Axes
  2754 | D:3      | Reached XP level 6. HP: 49/53 MP: 6/6
  2756 | D:3      | Found a faded altar of an unknown god.
  3106 | D:4      | Found a staircase to the Ecumenical Temple.
  3197 | Temple   | Entered the Ecumenical Temple
  3537 | Temple   | Became a worshipper of Qazlal Stormbringer
  4099 | D:4      | Noticed a black bear
  4105 | D:4      | Killed a black bear
  4106 | D:4      | Reached skill level 5 in Fighting
  4106 | D:4      | Reached skill level 6 in Axes
  4106 | D:4      | Reached skill level 1 in Invocations
  4241 | D:4      | Noticed Ijyb
  4244 | D:4      | Noticed Robin
  4247 | D:4      | Reached XP level 7. HP: 60/61 MP: 8/8
  4255 | D:4      | Killed Ijyb
  4706 | D:4      | Killed Robin
  5158 | D:5      | Entered Level 5 of the Dungeon
  5391 | D:5      | Reached skill level 7 in Axes
  5392 | D:5      | Reached * piety under Qazlal
  5417 | D:5      | Reached skill level 5 in Armour
  5692 | D:5      | Reached XP level 8. HP: 29/70 MP: 10/10
  6240 | D:6      | Reached skill level 8 in Axes
  7080 | D:6      | Reached skill level 9 in Axes
  7147 | D:6      | Found a sparkling altar of Nemelex Xobeh.
  7192 | D:6      | Reached ** piety under Qazlal
  7203 | D:6      | Reached XP level 9. HP: 53/78 MP: 12/12
  7462 | D:6      | Reached skill level 5 in Invocations
  7848 | D:7      | Reached *** piety under Qazlal
  8034 | D:7      | Reached skill level 10 in Axes
  8516 | D:7      | Identified the +2 hunting sling of Weak Eternal Vigilance
                  | {vorpal, Fragile Fly rC+ rN+++}
  9112 | D:8      | Found Tanwe's Armour Shop.
  9179 | D:8      | Reached skill level 11 in Axes
  9179 | D:8      | Reached XP level 10. HP: 85/88 MP: 14/14
  9262 | D:8      | Found a glowing silver altar of Zin.
  9380 | D:9      | Reached **** piety under Qazlal
 10173 | D:9      | Reached skill level 5 in Dodging
 10461 | D:9      | Reached skill level 12 in Axes
 11049 | D:10     | Entered Level 10 of the Dungeon
 11136 | D:10     | Found a staircase to the Orcish Mines.
 11225 | D:10     | Reached XP level 11. HP: 67/95 MP: 17/17
 11405 | D:10     | Noticed a four-headed hydra
 11417 | D:10     | Killed a ten-headed hydra
 11418 | D:10     | Reached skill level 13 in Axes
 12010 | D:10     | Reached ***** piety under Qazlal
 12545 | D:11     | Noticed a two-headed ogre
 12562 | D:11     | Killed a two-headed ogre
 13121 | D:11     | Noticed a two-headed ogre
 13130 | D:11     | Killed a two-headed ogre
 13131 | D:11     | Reached skill level 14 in Axes
 13147 | D:11     | Found a staircase to the Lair.
 13663 | Lair:1   | Entered Level 1 of the Lair of Beasts
 13929 | Lair:1   | Reached skill level 10 in Fighting
 13951 | Lair:1   | Reached XP level 12. HP: 74/106 MP: 19/19
 14610 | Lair:2   | Reached skill level 15 in Axes
 14613 | Lair:2   | Reached skill level 10 in Invocations
 15107 | Lair:2   | Found a staircase to the Shoals.
 15521 | Lair:3   | Noticed a seven-headed hydra
 15525 | Lair:3   | Reached skill level 10 in Armour
 15527 | Lair:3   | Noticed a four-headed hydra
 15530 | Lair:3   | Reached skill level 16 in Axes
 15828 | Lair:3   | HP: 1/110 [suicidal targeting (15)]
 15828 | Lair:3   | Killed a 19-headed hydra
 15962 | Lair:3   | Reached XP level 13. HP: 116/116 MP: 21/21
 16541 | Lair:3   | Found a staircase to the Snake Pit.
 16816 | Lair:4   | Reached skill level 17 in Axes
 16886 | Lair:4   | Got the Almanac of Cold
 17827 | Lair:5   | Slain by a 19-headed hydra

Illustrated notes

Levels and vault maps discovered:
D:1:      nzn_arrival_settlement, layout_basic, minmay_pentomino_v4
D:2:      layout_loops_cross, basic_altar
D:3:      cheibrodos_greedy_goblins, layout_basic,
          nicolae_ecumenical_snake_handling, hangedman_decor_riveting,
          minmay_unequal
D:4:      layout_basic, temple_fountains, uniq_robin, uniq_ijyb
D:5:      layout_basic
D:6:      layout_loops_ring, nemelex_diamond_rough_becter
D:7:      layout_loops_cross
D:8:      layout_rooms, zin_academy, serial_shops, nicolae_diamond_shop
D:9:      layout_big_octagon, nrook_mini_vaults
D:10:     minmay_cornered_nines, layout_grid_maze, orc_0_dummy,
          kennysheep_generic_room_13
D:11:     layout_gridville, erik_lair_orcish_takeover
Temple:   mainiacjoe_temple_cubbyholes
Lair:1:   layout_regular_city
Lair:2:   statuecave_lemuel, layout_loops_ring, elwin_shoals_entry_rooms,
          grunt_megastairs_3
Lair:3:   layout_roguey, guppyfry_snake_entry_garden, evilmike_ambush
          [evilmike_ambush_outer_basic, evilmike_ambush_inner_basic]
Lair:4:   layout_hall_layers, lemuel_fruit_tree, grunt_megastairs_1,
          lemuel_fruit_fields
Lair:5:   regret_index_harrowing_hell_hive, layout_big_grid,
          chequers_serial_rivers_small_b

Skill      XL: |  1  2  3  4  5  6  7  8  9 10 11 12 13 |
---------------+----------------------------------------+-----
Axes           | 3 4 5 6 7 9 11 12 14 16 17 | 17.7
Fighting       | 4 5 6 7 8 10 11 12 | 12.1
Dodging        | 1 2 3 4 5 6 7 8 |  8.2
Armour         | 4 5 6 7 8 9 10 11 | 11.1
Invocations    | 1 3 4 6 8 9 11 12 | 12.2
Shields        | |  3.2

Action                   |  1- 3 |  4- 6 |  7- 9 | 10-12 | 13-15 || total
-------------------------+-------+-------+-------+-------+-------++-------
Melee: War axe           |    99 |   183 |   358 |   583 |   264 ||  1487
Invok: Upheaval          |       |       |       |     1 |       ||     1
Evoke: Wand              |       |       |       |     5 |       ||     5
  Use: Scroll            |       |     8 |    10 |     9 |     5 ||    32
Armor: Scale mail        |    38 |       |       |       |       ||    38
       Crystal plate arm |    12 |   194 |   233 |   441 |   181 ||  1061
Dodge: Dodged            |    50 |    31 |    43 |   108 |    67 ||   299
       Repelled          |       |       |       |     1 |     4 ||     5
Block: Buckler           |    30 |    42 |   108 |   300 |   138 ||   618

Table legend: (Time is in decaauts)
 A = Elapsed time spent in this place.
 B = Non-inter-level travel time spent in this place.
 C = Inter-level travel time spent in this place.
 D = Time resting spent in this place.
 E = Time spent auto-exploring this place.
 F = Levels seen in this place.
 G = Mean time per level.
                   A        B        C        D        E       F      G
               +--------+--------+--------+--------+--------+-----+--------+
         Total |  17847 |  17336 |    511 |   2980 |  11591 |  17 | 1049.8 |
       Dungeon |  13411 |  13066 |    345 |   2676 |   8387 |  11 | 1219.2 |
        Temple |    383 |    318 |     65 |      0 |    313 |   1 |  383.0 |
          Lair |   4052 |   3952 |    100 |    304 |   2891 |   5 |  810.4 |
               +--------+--------+--------+--------+--------+-----+--------+

Top non-repeatable levels by time:
    D:10: 1485 daAuts
     D:9: 1476 daAuts
     D:6: 1473 daAuts
     D:4: 1459 daAuts
     D:1: 1320 daAuts
  Lair:3: 1278 daAuts
     D:3: 1139 daAuts
     D:8: 1132 daAuts
     D:5: 1078 daAuts
  Lair:2: 1042 daAuts
     D:7: 1026 daAuts
     D:2: 953 daAuts
    D:11: 866 daAuts
  Lair:4: 833 daAuts
  Lair:1: 748 daAuts
